 Dungeon Crawl Stone Soup version 0.21-a0-633-g4c047d5 (webtiles) character file.

9 Lanoc the Sneak (level 2, 0/16 HPs)
             Began as a Deep Elf Wanderer on Dec 29, 2017.
             Succumbed to a goblin's poison
             ... on level 1 of the Dungeon.
             The game lasted 00:02:23 (404 turns).

Lanoc the Sneak (Deep Elf Wanderer)                  Turns: 404, Time: 00:02:24

Health: 0/16       AC:  2    Str:  5 (8)  XL:     2   Next: 3%
Magic:  3/5        EV: 12    Int: 12 (14) God:
Gold:   0          SH:  0    Dex: 15 (17) Spells: 2/3 levels left

rFire    . . .     SeeInvis .   b - +0 shortbow
rCold    . . .     Gourm    .   (shield currently unavailable)
rNeg     . . .     Faith    .   e - +0 robe
rPois    .         Spirit   .   (no helmet)
rElec    .         Reflect  .   (no cloak)
rCorr    .         Harm     .   (no gloves)
MR       .....                  (no boots)
Stlth    ++........             (no amulet)
HPRegen  0.05/turn              (no ring)
MPRegen  0.09/turn              (no ring)

@: lethally poisoned (0 -> -6)
A: no striking features
a: no special abilities


You were on level 1 of the Dungeon.
You were not hungry.

You visited 1 branch of the dungeon, and saw 1 of its levels.

Inventory:

Hand Weapons
 a - a +2 hand axe
 b - a +0 shortbow (weapon)
Missiles
 c - 34 arrows (quivered)
Armour
 e - a +0 robe (worn)
Scrolls
 i - a scroll of magic mapping {unknown}
Potions
 f - a potion of degeneration
Books
 d - the Compendium of Feathers

   Spells                             Type                      Level
   a - Shock                          Conjuration/Air              1
   b - Static Discharge               Conjuration/Air              3
Comestibles
 g - 3 rations


   Skills:
 - Level 1.5 Fighting
 - Level 1.0 Axes
 - Level 1.5 Armour
 + Level 1.1 Dodging
 - Level 2.4 Stealth
 + Level 1.2 Spellcasting
   Level 1.2 Necromancy
 + Level 2.2 Air Magic


You had 2 spell levels left.
You knew the following spells:

 Your Spells              Type           Power        Failure   Level  Hunger
a - Shock                 Conj/Air       #...         19%         1    ##.....


Dungeon Overview and Level Annotations

Branches:
Dungeon (1/15)

Altars:


Message History

* * * LOW HITPOINT WARNING * * *
You feel sick.
There is a stone staircase leading down, spattered with blood here.
Things that are here:
an arrow; a club Your magical contamination has completely faded away.
You see here an arrow.
* * * LOW HITPOINT WARNING * * *
You feel sick.
* * * LOW HITPOINT WARNING * * *
You feel sick.
You see here an arrow.
* * * LOW HITPOINT WARNING * * *
You feel sick.
You see here an arrow.
* * * LOW HITPOINT WARNING * * *
You feel sick.
You see here an arrow.
c - 34 arrows (gained 1)
You die...

..#.# .#.#
...# #..#
# #..#
.####.#..#
......#..#
#.....#
#....@##
#......#
#......##
#....#.(#
#....#.(#
#....##>#
#....##)#
##### #.#
#.#


There were no monsters in sight!

Vanquished Creatures
  A giant cockroach (D:1)
  A goblin (D:1)
  3 hobgoblins (D:1)
  2 kobolds (D:1)
7 creatures vanquished.

Notes
Turn   | Place    | Note
-------+----------+-------------------------------------------
     0 | D:1      | Lanoc the Deep Elf Wanderer began the quest for the Orb.
     0 | D:1      | Lanoc set off with: a +2 hand axe, a +0 shortbow, 24 arrows, the Compendium of Feathers, a +0 robe, a +0 dagger, a ration
     0 | D:1      | Reached XP level 1. HP: 12/12 MP: 3/3
     8 | D:1      | Identified the Compendium of Feathers
   226 | D:1      | Learned a level 1 spell: Shock
   276 | D:1      | Reached skill level 1 in Spellcasting
   377 | D:1      | Reached skill level 1 in Dodging
   382 | D:1      | Reached XP level 2. HP: 15/16 MP: 1/5
   404 | D:1      | Succumbed to a goblin's poison

Vault maps used:
D:1:      grunt_arrival_lava_bath

Skill      XL: |  1 |
---------------+----+-----
Spellcasting   | 1 |  1.2
Dodging        | 1 |  1.1
Fighting       | |  1.5
Axes           | |  1.0
Armour         | |  1.5
Stealth        | |  2.4
Necromancy     | |  1.2
Air Magic      | |  2.2

Action                   || total
-------------------------++-------
Melee: Hand axe          ||     2
 Fire: Shortbow          ||    18
 Cast: Shock             ||     7
  Use: Potion            ||     3
Armor: Robe              ||     4
Dodge: Dodged            ||    10

Table legend:
 A = Spawn XP
 B = Non-spawn XP
 C = Spawn XP percentage of total XP
 D = Spawn monster count
 E = Non-spawn monster count
 F = Spawn count percentage of total count
 G = Total turns spent on level
                    A         B        C        D         E        F      G
               +---------+---------+-------+---------+---------+-------+---------
         Total |       0 |      13 |   0.0 |       0 |       7 |   0.0 |   404
               +---------+---------+-------+---------+---------+-------+---------
           D:1 |       0 |      13 |   0.0 |       0 |       7 |   0.0 |   404
               +---------+---------+-------+---------+---------+-------+---------
